TOP OF THE 1ST |
Orlando Calrissian batting - Pitching for Springfield Stars : RHP George Lockhart
|
Pitching: RHP George Lockhart
|
|
Batting: RHB José Pérez
|
0-0: Foul Ball, location: 2F 0-1: Foul Ball, location: 2F 0-2: Ball 1-2: Ball 2-2: Ball 3-2: Foul Ball, location: 2F 3-2: Foul Ball, location: 2F 3-2: Base on Balls
|
Batting: LHB Santiago Márquez
|
0-0: Ball 1-0: Swinging Strike 1-1: Foul Ball, location: 2F 1-2: Foul Ball, location: 2F 1-2: Strikes out swinging
|
Batting: RHB Rich Anderson
|
0-0: Ball 1-0: Called Strike 1-1: Ball 2-1: Foul Ball, location: 2F 2-2: Ball 3-2: Ground out 6-3 (Groundball, 6S) José Pérez to second
|
Batting: SHB Tim Abbott
|
0-0: Called Strike 0-1: Called Strike 0-2: Strikes out swinging
|
Top of the 1st over - 0 run(s), 0 hit(s), 0 error(s), 1 left on base; Orlando 0 - Springfield 0 |
BOTTOM OF THE 1ST |
Springfield Stars batting - Pitching for Orlando Calrissian : RHP Dave Heath
|
Pitching: RHP Dave Heath
|
|
Batting: RHB Juan Rodríguez
|
0-0: Ball 1-0: Ball 2-0: Ground out 5-3 (Groundball, 56S)
|
Batting: RHB Calvin Bennett
|
0-0: Called Strike 0-1: Ball 1-1: Foul Ball, location: 2F 1-2: Strikes out swinging
|
Batting: LHB Derek Davidson
|
0-0: Called Strike 0-1: Ball 1-1: Foul Ball, location: 2F 1-2: Ball 2-2: Foul Ball, location: 2F 2-2: Foul Ball, location: 2F 2-2: Ball 3-2: SOLO HOME RUN (Flyball, 89XD), Distance : 422 ft
|
Batting: LHB Felipe Guerrero
|
0-0: Called Strike 0-1: Foul Ball, location: 2F 0-2: Ball 1-2: Ball 2-2: Ground out U3 (Groundball, 34)
|
Bottom of the 1st over - 1 run(s), 1 hit(s), 0 error(s), 0 left on base; Orlando 0 - Springfield 1 |
TOP OF THE 2ND |
Orlando Calrissian batting - Pitching for Springfield Stars : RHP George Lockhart
|
Batting: RHB Raúl Canó
|
0-0: Called Strike 0-1: Swinging Strike 0-2: Ball 1-2: Foul Ball, location: 2F 1-2: Ball 2-2: Foul Ball, location: 2F 2-2: Strikes out swinging
|
Batting: RHB Frederico Hernández
|
0-0: Called Strike 0-1: Called Strike 0-2: Foul Ball, location: 2F 0-2: Strikes out swinging
|
Batting: RHB Pepe González
|
0-0: Called Strike 0-1: Foul Ball, location: 2F 0-2: Strikes out swinging
|
Top of the 2nd over - 0 run(s), 0 hit(s), 0 error(s), 0 left on base; Orlando 0 - Springfield 1 |
BOTTOM OF THE 2ND |
Springfield Stars batting - Pitching for Orlando Calrissian : RHP Dave Heath
|
Batting: RHB Norberto Taváres
|
0-0: Ball 1-0: Foul Ball, location: 2F 1-1: Foul Ball, location: 2F 1-2: Ball 2-2: Ground out 5-3 (Groundball, 56S)
|
Batting: LHB Elliott Newell
|
0-0: Called Strike 0-1: Ball 1-1: Called Strike 1-2: Ball 2-2: Ball 3-2: SINGLE (Groundball, 34S) (infield hit)
|
Batting: LHB Ryan Drake
|
0-0: Foul Ball, location: 2F 0-1: Fly out, F8 (Line Drive, 8RXD)
|
Batting: LHB Jesús Tobías
|
0-0: Ball 1-0: Foul Ball, location: 2F 1-1: SINGLE (Line Drive, 34) Elliott Newell to second
|
Batting: RHB Félix Gonzáles
|
0-0: Called Strike 0-1: SINGLE (Groundball, 4MD) Elliott Newell to third Jesús Tobías to second Runner from 3rd tries for Home, SAFE, no throw
|
Batting: RHB Juan Rodríguez
|
0-0: Swinging Strike 0-1: Ball 1-1: Swinging Strike 1-2: Ball 2-2: Strikes out swinging
|
Bottom of the 2nd over - 1 run(s), 3 hit(s), 0 error(s), 2 left on base; Orlando 0 - Springfield 2 |
TOP OF THE 3RD |
Orlando Calrissian batting - Pitching for Springfield Stars : RHP George Lockhart
|
Batting: SHB Brian Price
|
0-0: SOLO HOME RUN (Flyball, 89XD), Distance : 406 ft
|
Batting: RHB Enrique Bermúdez
|
0-0: Swinging Strike 0-1: Ball 1-1: SINGLE (Line Drive, 89M)
|
Batting: RHB José Pérez
|
0-0: Called Strike 0-1: Swinging Strike 0-2: Ball 1-2: Foul Ball, location: 2F 1-2: Ball 2-2: Ball 3-2: Base on Balls Enrique Bermúdez to second
|
Batting: LHB Santiago Márquez
|
0-0: Foul Ball, location: 2F 0-1: Ball 1-1: Ball 2-1: Foul Ball, location: 2F 2-2: Ball 3-2: SINGLE (Groundball, 4MD) Enrique Bermúdez to third José Pérez to second
|
Batting: RHB Rich Anderson
|
0-0: Foul Ball, location: 2F 0-1: Ball 1-1: Ball 2-1: Fly out, F2 (Popup, 23)
|
Batting: SHB Tim Abbott
|
0-0: SINGLE (Line Drive, 4D) Enrique Bermúdez scores José Pérez to third Santiago Márquez to second Runner from 3rd tries for Home, SAFE, no throw
|
Batting: RHB Raúl Canó
|
0-0: Ground out 5-3 (Groundball, 5S) Santiago Márquez to third Tim Abbott to second
|
Batting: RHB Frederico Hernández
|
0-0: Fly out, F9 (Flyball, 9LSF)
|
Top of the 3rd over - 3 run(s), 4 hit(s), 0 error(s), 2 left on base; Orlando 3 - Springfield 2 |
BOTTOM OF THE 3RD |
Springfield Stars batting - Pitching for Orlando Calrissian : RHP Dave Heath
|
Batting: RHB Calvin Bennett
|
0-0: Foul Ball, location: 2F 0-1: Fly out, F8 (Flyball, 89M)
|
Batting: LHB Derek Davidson
|
0-0: Ball 1-0: Swinging Strike 1-1: Swinging Strike 1-2: SINGLE (Groundball, 4MD)
|
Batting: LHB Felipe Guerrero
|
0-0: Ball 1-0: Fly out, F8 (Flyball, 8LM)
|
Batting: RHB Norberto Taváres
|
0-0: Called Strike 0-1: Ball 1-1: Called Strike 1-2: Ball 2-2: Foul Ball, location: 2F 2-2: Ball 3-2: Ground out 6-3 (Groundball, 6MD)
|
Bottom of the 3rd over - 0 run(s), 1 hit(s), 0 error(s), 1 left on base; Orlando 3 - Springfield 2 |
TOP OF THE 4TH |
Orlando Calrissian batting - Pitching for Springfield Stars : RHP George Lockhart
|
Batting: RHB Pepe González
|
0-0: Ball 1-0: Called Strike 1-1: Fly out, F9 (Line Drive, 9D)
|
Batting: SHB Brian Price
|
0-0: SINGLE (Groundball, 6MD)
|
Batting: RHB Enrique Bermúdez
|
0-0: Called Strike 0-1: Foul Ball, location: 2F 0-2: Strikes out swinging
|
Batting: RHB José Pérez
|
0-0: Ball 1-0: Ball 2-0: Ball 3-0: Base on Balls Brian Price to second
|
Batting: LHB Santiago Márquez
|
0-0: Called Strike 0-1: Foul Ball, location: 2F 0-2: Foul Ball, location: 2F 0-2: Ball 1-2: Ground out U3 (Groundball, 3)
|
Top of the 4th over - 0 run(s), 1 hit(s), 0 error(s), 2 left on base; Orlando 3 - Springfield 2 |
BOTTOM OF THE 4TH |
Springfield Stars batting - Pitching for Orlando Calrissian : RHP Dave Heath
|
Batting: LHB Elliott Newell
|
0-0: Called Strike 0-1: SOLO HOME RUN (Flyball, 9D), Distance : 403 ft
|
Batting: LHB Ryan Drake
|
0-0: Ball 1-0: Foul Ball, location: 2F 1-1: Ball 2-1: Ground out U3 (Groundball, 3)
|
Batting: LHB Jesús Tobías
|
0-0: Ball 1-0: Ball 2-0: Foul Ball, location: 2F 2-1: Foul Ball, location: 2F 2-2: SINGLE (Line Drive, 78S)
|
Batting: RHB Félix Gonzáles
|
0-0: Ball 1-0: Called Strike 1-1: Ball 2-1: Ground out 3-1 (Groundball, 34S) Jesús Tobías to second
|
Batting: RHB Juan Rodríguez
|
0-0: Ball 1-0: Ball 2-0: Ball 3-0: Base on Balls
|
Batting: RHB Calvin Bennett
|
0-0: Ball 1-0: Fly out, F6 (Popup, 56D)
|
Bottom of the 4th over - 1 run(s), 2 hit(s), 0 error(s), 2 left on base; Orlando 3 - Springfield 3 |
TOP OF THE 5TH |
Orlando Calrissian batting - Pitching for Springfield Stars : RHP George Lockhart
|
Batting: RHB Rich Anderson
|
0-0: Called Strike 0-1: Ball 1-1: Ground out 5-3 (Groundball, 56S)
|
Batting: SHB Tim Abbott
|
0-0: Ball 1-0: Called Strike 1-1: Foul Ball, location: 2F 1-2: DOUBLE (Line Drive, 78D)
|
Batting: RHB Raúl Canó
|
0-0: Ball 1-0: Fly out, F5 (Popup, 5L)
|
Batting: RHB Frederico Hernández
|
0-0: Called Strike 0-1: Foul Ball, location: 2F 0-2: Foul Ball, location: 2F 0-2: Ground out 6-3 (Groundball, 56)
|
Top of the 5th over - 0 run(s), 1 hit(s), 0 error(s), 1 left on base; Orlando 3 - Springfield 3 |
BOTTOM OF THE 5TH |
Springfield Stars batting - Pitching for Orlando Calrissian : RHP Dave Heath
|
Batting: LHB Derek Davidson
|
0-0: Called Strike 0-1: Ball 1-1: Ground out 1-3 (Groundball, P)
|
Batting: LHB Felipe Guerrero
|
0-0: Ball 1-0: Foul Ball, location: 2F 1-1: Called Strike 1-2: Strikes out swinging
|
Batting: RHB Norberto Taváres
|
0-0: Foul Ball, location: 2F 0-1: Swinging Strike 0-2: Ball 1-2: Ball 2-2: SINGLE (Line Drive, 56D)
|
Batting: LHB Elliott Newell
|
0-0: Ball 1-0: Ball 2-0: Called Strike 2-1: Swinging Strike 2-2: Ball 3-2: Ground out 4-3 (Groundball, 4)
|
Bottom of the 5th over - 0 run(s), 1 hit(s), 0 error(s), 1 left on base; Orlando 3 - Springfield 3 |
TOP OF THE 6TH |
Orlando Calrissian batting - Pitching for Springfield Stars : RHP George Lockhart
|
Batting: RHB Pepe González
|
0-0: Fly out, F8 (Flyball, 89M)
|
Batting: SHB Brian Price
|
0-0: Ball 1-0: Ball 2-0: SINGLE (Line Drive, 34D)
|
Batting: RHB Enrique Bermúdez
|
0-0: Foul Ball, location: 2F 0-1: Ball 1-1: DOUBLE (Groundball, 5L) Brian Price to third
|
Batting: RHB José Pérez
|
0-0: Ball 1-0: Foul Ball, location: 2F 1-1: Foul Ball, location: 2F 1-2: Foul Ball, location: 2F 1-2: Ball 2-2: Fly out, F8 (Flyball, 8RD) Runner from 3rd tags up, SCORES, no throw
|
Batting: LHB Santiago Márquez
|
0-0: Foul Ball, location: 2F 0-1: Ball 1-1: DOUBLE (Flyball, 7D) Enrique Bermúdez scores
|
Pitching: RHP Yajirobei Endo
|
|
Batting: RHB Rich Anderson
|
0-0: Fly out, F7 (Flyball, 78D)
|
Top of the 6th over - 2 run(s), 3 hit(s), 0 error(s), 1 left on base; Orlando 5 - Springfield 3 |
BOTTOM OF THE 6TH |
Springfield Stars batting - Pitching for Orlando Calrissian : RHP Dave Heath
|
Batting: LHB Ryan Drake
|
0-0: Called Strike 0-1: Fly out, F9 (Line Drive, 9)
|
Batting: LHB Jesús Tobías
|
0-0: SINGLE (Groundball, 3D)
|
Batting: RHB Félix Gonzáles
|
0-0: Ball 1-0: Called Strike 1-1: Ball 2-1: Foul Ball, location: 2F 2-2: Grounds into double play, 5-4-3 (Groundball, 56)
|
Bottom of the 6th over - 0 run(s), 1 hit(s), 0 error(s), 0 left on base; Orlando 5 - Springfield 3 |
TOP OF THE 7TH |
Orlando Calrissian batting - Pitching for Springfield Stars : RHP Yajirobei Endo
|
Batting: SHB Tim Abbott
|
0-0: Swinging Strike 0-1: Foul Ball, location: 2F 0-2: Foul Ball, location: 2F 0-2: Strikes out swinging
|
Batting: RHB Raúl Canó
|
0-0: Called Strike 0-1: Ball 1-1: Ground out 5-3 (Groundball, 5S)
|
Batting: RHB Frederico Hernández
|
0-0: Called Strike 0-1: Ball 1-1: SINGLE (Groundball, 5D)
|
Batting: RHB Pepe González
|
0-0: Called Strike 0-1: Ball 1-1: Ball 2-1: Foul Ball, location: 2F 2-2: Ball 3-2: Foul Ball, location: 2F 3-2: Ground out 4-3 (Groundball, 4)
|
Top of the 7th over - 0 run(s), 1 hit(s), 0 error(s), 1 left on base; Orlando 5 - Springfield 3 |
BOTTOM OF THE 7TH |
Springfield Stars batting - Pitching for Orlando Calrissian : RHP Dave Heath
|
Pitching: LHP Clarence Skerratt
|
|
Batting: RHB Juan Rodríguez
|
0-0: Called Strike 0-1: Foul Ball, location: 2F 0-2: Ball 1-2: Ball 2-2: Ball 3-2: Foul Ball, location: 2F 3-2: Ground out 6-3 (Groundball, 56)
|
Batting: RHB Calvin Bennett
|
0-0: Ball 1-0: Foul Ball, location: 2F 1-1: Ball 2-1: Foul Ball, location: 2F 2-2: Ball 3-2: Base on Balls
|
Pitching: RHP Aaron Abrams
|
|
Batting: LHB Derek Davidson
|
0-0: Ball 1-0: Ball 2-0: Called Strike 2-1: Ball 3-1: Foul Ball, location: 2F 3-2: SINGLE (Groundball, 6D) Calvin Bennett to second
|
Batting: LHB Felipe Guerrero
|
0-0: Ball 1-0: SINGLE (Flyball, 89S) Calvin Bennett to third Derek Davidson to second Runner from 3rd tries for Home, SAFE, no throw
|
Pinch Hitting: SHB Shane Hutchinson
|
0-0: Ball 1-0: Swinging Strike 1-1: Ball 2-1: Swinging Strike 2-2: Ball 3-2: Base on Balls Derek Davidson to third Felipe Guerrero to second
|
Batting: LHB Elliott Newell
|
0-0: Foul Ball, location: 2F 0-1: Foul Ball, location: 2F 0-2: Ball 1-2: Foul Ball, location: 2F 1-2: Ball 2-2: Foul Ball, location: 2F 2-2: Ball Wild Pitch! Derek Davidson scores Felipe Guerrero to third Shane Hutchinson to second 3-2: Intentional Walk
|
Pitching: LHP Keith Jennings
|
|
Batting: LHB Ryan Drake
|
0-0: Called Strike 0-1: Grounds into fielders choice 5-2 (Groundball, 2L) Shane Hutchinson to third Elliott Newell to second
|
Batting: LHB Jesús Tobías
|
0-0: Fly out, F7 (Flyball, 7S)
|
Bottom of the 7th over - 2 run(s), 2 hit(s), 0 error(s), 3 left on base; Orlando 5 - Springfield 5 |
TOP OF THE 8TH |
Orlando Calrissian batting - Pitching for Springfield Stars : RHP Yajirobei Endo
|
Now at 2B: Shane Hutchinson
|
|
Pinch Hitting: SHB Cristo Ontiveros
|
0-0: Called Strike 0-1: Ground out U3 (Groundball, 34S)
|
Pitching: RHP Luis Cortéz
|
|
Pinch Hitting: LHB Danny Allen
|
0-0: Ball 1-0: Foul Ball, location: 2F 1-1: Ball 2-1: Foul Ball, location: 2F 2-2: Ball 3-2: Ground out 3-1 (Groundball, 34D)
|
Batting: RHB José Pérez
|
0-0: Called Strike 0-1: Ball 1-1: Foul Ball, location: 2F 1-2: Ball 2-2: Fly out, F9 (Flyball, 9S)
|
Top of the 8th over - 0 run(s), 0 hit(s), 0 error(s), 0 left on base; Orlando 5 - Springfield 5 |
BOTTOM OF THE 8TH |
Springfield Stars batting - Pitching for Orlando Calrissian : LHP Keith Jennings
|
Now at 1B: Jaime Montés
|
|
Now at 3B: John Moore
|
|
Batting: RHB Félix Gonzáles
|
0-0: Called Strike 0-1: DOUBLE (Groundball, 5L)
|
Batting: RHB Juan Rodríguez
|
0-0: Called Strike 0-1: Ball 1-1: Ball 2-1: Ball 3-1: Foul Ball, location: 2F 3-2: Foul Ball, location: 2F 3-2: Ground out 1-3 (Groundball, 13S) Félix Gonzáles to third
|
Batting: RHB Calvin Bennett
|
0-0: Ball 1-0: Ball 2-0: Called Strike 2-1: Foul Ball, location: 2F 2-2: Ground out 5-3 (Groundball, 5)
|
Batting: LHB Derek Davidson
|
0-0: Ball 1-0: Ball 2-0: Called Strike 2-1: Foul Ball, location: 2F 2-2: Foul Ball, location: 2F 2-2: Ball 3-2: Base on Balls
|
Batting: LHB Felipe Guerrero
|
0-0: Foul Ball, location: 2F 0-1: Called Strike 0-2: Ball 1-2: Strikes out swinging
|
Bottom of the 8th over - 0 run(s), 1 hit(s), 0 error(s), 2 left on base; Orlando 5 - Springfield 5 |
TOP OF THE 9TH |
Orlando Calrissian batting - Pitching for Springfield Stars : RHP Luis Cortéz
|
Pitching: RHP José Valdéz
|
|
Batting: LHB Santiago Márquez
|
0-0: Called Strike 0-1: Fly out, F8 (Flyball, 8LM)
|
Batting: RHB Rich Anderson
|
0-0: Called Strike 0-1: Foul Ball, location: 2F 0-2: Ball 1-2: Fly out, F9 (Flyball, 9S)
|
Batting: SHB Tim Abbott
|
0-0: Ball 1-0: Foul Ball, location: 2F 1-1: Ball 2-1: Ball 3-1: Base on Balls
|
Batting: RHB Raúl Canó
|
0-0: Called Strike 0-1: Foul Ball, location: 2F 0-2: Ball 1-2: Ball 2-2: Fly out, F9 (Line Drive, 9D)
|
Top of the 9th over - 0 run(s), 0 hit(s), 0 error(s), 1 left on base; Orlando 5 - Springfield 5 |
BOTTOM OF THE 9TH |
Springfield Stars batting - Pitching for Orlando Calrissian : LHP Keith Jennings
|
Pitching: LHP Xavier Velázquez
|
|
Batting: SHB Shane Hutchinson
|
0-0: Swinging Strike 0-1: Ball 1-1: Ball 2-1: Foul Ball, location: 2F 2-2: Ground out 6-3 (Groundball, 6)
|
Batting: LHB Elliott Newell
|
0-0: Ball 1-0: Called Strike 1-1: Ball 2-1: Foul Ball, location: 2F 2-2: Ball 3-2: SOLO HOME RUN (Flyball, 78XD), Distance : 439 ft
|
Thursday, March 30th, 2017 - OOTP Baseball 17.12 Build 75
|
|